| TOP OF THE 1ST |
|
Duluth-Superior Dukes batting - Pitching for Aberdeen Pheasants : RHP Daniel Morgan
|
|
Pitching: RHP Daniel Morgan
|
|
|
Batting: RHB William Hardy
|
0-0: Swinging Strike 0-1: Ball 1-1: Called Strike 1-2: Foul Ball, location: 2F 1-2: Foul Ball, location: 2F 1-2: Strikes out swinging
|
|
Batting: RHB Frank Ferrell
|
0-0: SINGLE (Flyball, 9LS, EV 92.5 MPH)
|
|
Batting: LHB Miguel Santa Cruz
|
0-0: Ball 1-0: Foul Ball, location: 2F 1-1: Fly out, F8 (Flyball, 78D, EV 101.3 MPH)
|
|
Batting: RHB Jeffery Carl
|
0-0: Called Strike 0-1: Swinging Strike 0-2: Ball 1-2: Ball 2-2: Foul Ball, location: 2F 2-2: Foul Ball, location: 2F 2-2: Strikes out swinging
|
| Top of the 1st over - 0 runs, 1 hit, 0 errors, 1 left on base; Duluth-Superior 0 - Aberdeen 0 |
| BOTTOM OF THE 1ST |
|
Aberdeen Pheasants batting - Pitching for Duluth-Superior Dukes : RHP Timothy Bannister
|
|
Pitching: RHP Timothy Bannister
|
|
|
Batting: SHB Stephen Moore
|
0-0: Foul Ball, location: 2F 0-1: SINGLE (Groundball, 6D, EV 103.8 MPH)
|
|
Batting: RHB Jesse Plummer
|
0-0: Ball 1-0: Called Strike 1-1: Fly out, F8 (Flyball, 8RM, EV 83.8 MPH)
|
|
Batting: LHB Robert McNair
|
0-0: Called Strike 0-1: Ball Stephen Moore steals 2nd base 1-1: Ball 2-1: Called Strike 2-2: Foul Ball, location: 2F 2-2: Ground out 4-3 (Groundball, 4, EV 85.6 MPH) Stephen Moore to third
|
|
Batting: RHB Chris Bourjos
|
0-0: Called Strike 0-1: Foul Ball, location: 2F 0-2: Ball 1-2: Ball 2-2: Strikes out looking
|
| Bottom of the 1st over - 0 runs, 1 hit, 0 errors, 1 left on base; Duluth-Superior 0 - Aberdeen 0 |
| TOP OF THE 2ND |
|
Duluth-Superior Dukes batting - Pitching for Aberdeen Pheasants : RHP Daniel Morgan
|
|
Batting: LHB Leonard Morin
|
0-0: Foul Ball, location: 2F 0-1: Hit by Pitch
|
|
Batting: RHB Elias Corona
|
0-0: Ball 1-0: Ball 2-0: Called Strike 2-1: Ball 3-1: Foul Ball, location: 2F 3-2: DOUBLE (Flyball, 8LXD, EV 103.8 MPH) Leonard Morin to third
|
|
Batting: LHB Kevin Connolly
|
0-0: Ball 1-0: Fly out, F7 (Line Drive, 7D, EV 83.1 MPH) Runner from 3rd tags up, OUT at HOME! 7-2 Elias Corona to third
|
|
Batting: RHB Carlos Rios
|
0-0: Ball 1-0: Swinging Strike 1-1: Foul Ball, location: 2F 1-2: Ball 2-2: Reached on error, E1 (Groundball, 13, EV 88.1 MPH) Elias Corona scores
|
|
Batting: RHB Jim Ayers
|
0-0: Called Strike 0-1: Swinging Strike 0-2: Ground out 6-3 (Groundball, 6, EV 85.0 MPH)
|
| Top of the 2nd over - 1 run, 1 hit, 1 error, 1 left on base; Duluth-Superior 1 - Aberdeen 0 |
| BOTTOM OF THE 2ND |
|
Aberdeen Pheasants batting - Pitching for Duluth-Superior Dukes : RHP Timothy Bannister
|
|
Batting: RHB Richard Dziemiela
|
0-0: Ball 1-0: Ball 2-0: Called Strike 2-1: Ground out 5-3 (Groundball, 56S, EV 89.4 MPH)
|
|
Batting: RHB Ross Jones
|
0-0: Foul Ball, location: 2F 0-1: Ball 1-1: Foul Ball, location: 2F 1-2: Foul Ball, location: 2F 1-2: Ball 2-2: Ball 3-2: Ground out 4-3 (Groundball, 4, EV 93.1 MPH)
|
|
Batting: RHB Mike R Fitzgerald
|
0-0: Ball 1-0: Foul Ball, location: 2F 1-1: Ball 2-1: Called Strike 2-2: Strikes out swinging
|
| Bottom of the 2nd over - 0 runs, 0 hits, 0 errors, 0 left on base; Duluth-Superior 1 - Aberdeen 0 |
| TOP OF THE 3RD |
|
Duluth-Superior Dukes batting - Pitching for Aberdeen Pheasants : RHP Daniel Morgan
|
|
Batting: RHB William Hardy
|
0-0: Ball 1-0: Ground out 6-3 (Groundball, 6, EV 82.5 MPH)
|
|
Batting: RHB Frank Ferrell
|
0-0: Ball 1-0: Foul Ball, location: 2F 1-1: Foul Ball, location: 2F 1-2: Ball 2-2: Fly out, F7 (Flyball, 7S, EV 75.6 MPH)
|
|
Batting: LHB Miguel Santa Cruz
|
0-0: Called Strike 0-1: Ball 1-1: Ball 2-1: Foul Ball, location: 2F 2-2: Ball 3-2: Ground out 6-3 (Groundball, 56, EV 76.3 MPH)
|
| Top of the 3rd over - 0 runs, 0 hits, 0 errors, 0 left on base; Duluth-Superior 1 - Aberdeen 0 |
| BOTTOM OF THE 3RD |
|
Aberdeen Pheasants batting - Pitching for Duluth-Superior Dukes : RHP Timothy Bannister
|
|
Batting: RHB Mike Foote
|
0-0: Called Strike 0-1: SINGLE (Line Drive, 8RS, EV 95.6 MPH)
|
|
Batting: SHB Eski Viltz
|
0-0: Called Strike 0-1: Ball 1-1: DOUBLE (Line Drive, 8RD, EV 106.3 MPH) Mike Foote to third
|
|
Batting: SHB Stephen Moore
|
0-0: Swinging Strike 0-1: Ball 1-1: Ball 2-1: Ground out 6-3 (Groundball, 6, EV 80.6 MPH) Mike Foote scores Eski Viltz to third
|
|
Batting: RHB Jesse Plummer
|
0-0: Ball 1-0: Ground out 4-3 (Groundball, 4, EV 85.0 MPH) Eski Viltz scores
|
|
Batting: LHB Robert McNair
|
0-0: Ball 1-0: Ball 2-0: Ball 3-0: Base on Balls
|
|
Batting: RHB Chris Bourjos
|
0-0: Called Strike 0-1: Ball 1-1: Foul Ball, location: 2F 1-2: Ball 2-2: Foul Ball, location: 2F 2-2: Foul Ball, location: 2F 2-2: Fly out, F8 (Flyball, 8RS, EV 92.5 MPH)
|
| Bottom of the 3rd over - 2 runs, 2 hits, 0 errors, 1 left on base; Duluth-Superior 1 - Aberdeen 2 |
| TOP OF THE 4TH |
|
Duluth-Superior Dukes batting - Pitching for Aberdeen Pheasants : RHP Daniel Morgan
|
|
Batting: RHB Jeffery Carl
|
0-0: Ball 1-0: Foul Ball, location: 2F 1-1: Called Strike 1-2: Foul Ball, location: 2F 1-2: Strikes out swinging
|
|
Batting: LHB Leonard Morin
|
0-0: Called Strike 0-1: Ball 1-1: Foul Ball, location: 2F 1-2: Foul Ball, location: 2F 1-2: Ball 2-2: Ball 3-2: Strikes out looking
|
|
Batting: RHB Elias Corona
|
0-0: Foul Ball, location: 2F 0-1: Called Strike 0-2: Ball 1-2: Foul Ball, location: 2F 1-2: Ball 2-2: Ground out 5-3 (Groundball, 56, EV 84.4 MPH)
|
| Top of the 4th over - 0 runs, 0 hits, 0 errors, 0 left on base; Duluth-Superior 1 - Aberdeen 2 |
| BOTTOM OF THE 4TH |
|
Aberdeen Pheasants batting - Pitching for Duluth-Superior Dukes : RHP Timothy Bannister
|
|
Batting: RHB Richard Dziemiela
|
0-0: Ball 1-0: Foul Ball, location: 2F 1-1: SINGLE (Groundball, 6MS, EV 81.9 MPH) (infield hit)
|
|
Batting: RHB Ross Jones
|
0-0: Called Strike 0-1: Ball 1-1: Ball 2-1: Foul Ball, location: 2F 2-2: Ball 3-2: Fly out, F2 (Popup, 23F, EV 87.5 MPH)
|
|
Batting: RHB Mike R Fitzgerald
|
0-0: Swinging Strike 0-1: Foul Ball, location: 2F 0-2: Ball 1-2: DOUBLE (Flyball, 8LXD, EV 100.6 MPH) Richard Dziemiela to third
|
|
Batting: RHB Mike Foote
|
0-0: Called Strike 0-1: Swinging Strike 0-2: Ball 1-2: Fly out, F9 (Flyball, 9D, EV 98.1 MPH) Runner from 3rd tags up, OUT at HOME! 9-2
|
| Bottom of the 4th over - 0 runs, 2 hits, 0 errors, 1 left on base; Duluth-Superior 1 - Aberdeen 2 |
| TOP OF THE 5TH |
|
Duluth-Superior Dukes batting - Pitching for Aberdeen Pheasants : RHP Daniel Morgan
|
|
Batting: LHB Kevin Connolly
|
0-0: Ball 1-0: Foul Ball, location: 2F 1-1: Swinging Strike 1-2: Foul Ball, location: 2F 1-2: Fly out, F7 (Flyball, 7S, EV 93.8 MPH)
|
|
Batting: RHB Carlos Rios
|
0-0: Ball 1-0: Ball 2-0: Foul Ball, location: 2F 2-1: Foul Ball, location: 2F 2-2: Strikes out swinging
|
|
Batting: RHB Jim Ayers
|
0-0: Called Strike 0-1: Foul Ball, location: 2F 0-2: Ball 1-2: Foul Ball, location: 2F 1-2: Foul Ball, location: 2F 1-2: Strikes out swinging
|
| Top of the 5th over - 0 runs, 0 hits, 0 errors, 0 left on base; Duluth-Superior 1 - Aberdeen 2 |
| BOTTOM OF THE 5TH |
|
Aberdeen Pheasants batting - Pitching for Duluth-Superior Dukes : RHP Timothy Bannister
|
|
Batting: SHB Eski Viltz
|
0-0: Swinging Strike 0-1: Ball 1-1: Foul Ball, location: 2F 1-2: Foul Ball, location: 2F 1-2: Ball 2-2: Ground out 2-3 (Groundball, 13S, EV 63.1 MPH)
|
|
Batting: SHB Stephen Moore
|
0-0: Ball 1-0: Called Strike 1-1: Foul Ball, location: 2F 1-2: Ball 2-2: Fly out, F8 (Flyball, 89XD, EV 98.8 MPH)
|
|
Batting: RHB Jesse Plummer
|
0-0: Swinging Strike 0-1: Foul Ball, location: 2F 0-2: Ball 1-2: Foul Ball, location: 2F 1-2: Foul Ball, location: 2F 1-2: Ball 2-2: Foul Ball, location: 2F 2-2: Fly out, F4 (Popup, 4, EV 61.3 MPH)
|
| Bottom of the 5th over - 0 runs, 0 hits, 0 errors, 0 left on base; Duluth-Superior 1 - Aberdeen 2 |
| TOP OF THE 6TH |
|
Duluth-Superior Dukes batting - Pitching for Aberdeen Pheasants : RHP Daniel Morgan
|
|
Batting: RHB William Hardy
|
0-0: Foul Ball, location: 2F 0-1: Ball 1-1: Swinging Strike 1-2: Reached on error, E6 (Groundball, 6M, EV 81.3 MPH)
|
|
Batting: RHB Frank Ferrell
|
0-0: Ball William Hardy steals 2nd base 1-0: Called Strike 1-1: Ground out 5-3 (Groundball, 56S, EV 80.0 MPH)
|
|
Batting: LHB Miguel Santa Cruz
|
0-0: Ball 1-0: Foul Ball, location: 2F 1-1: SINGLE (Line Drive, 9S, EV 100.0 MPH) William Hardy to third Runner from 3rd tries for Home, SAFE, no throw by RF
|
|
Batting: RHB Jeffery Carl
|
0-0: Ball 1-0: Ball 2-0: SINGLE (Line Drive, 9S, EV 88.8 MPH) Miguel Santa Cruz to second
|
|
Pinch Runner at 2nd George Evans:
|
|
|
Batting: LHB Leonard Morin
|
0-0: Foul Ball, location: 2F 0-1: Ball 1-1: Called Strike 1-2: SINGLE (Flyball, 9LS, EV 90.0 MPH) George Evans to third Jeffery Carl to second Runner from 3rd tries for Home, SAFE, no throw by RF
|
|
Batting: RHB Elias Corona
|
0-0: Ball 1-0: Ball 2-0: Called Strike 2-1: Ball 3-1: Foul Ball, location: 2F 3-2: Base on Balls Jeffery Carl to third Leonard Morin to second
|
|
Batting: LHB Kevin Connolly
|
0-0: Called Strike 0-1: Called Strike 0-2: Strikes out swinging
|
|
Batting: RHB Carlos Rios
|
0-0: Called Strike 0-1: Swinging Strike 0-2: Ball 1-2: Ball 2-2: Strikes out looking
|
| Top of the 6th over - 2 runs, 3 hits, 1 error, 3 left on base; Duluth-Superior 3 - Aberdeen 2 |
| BOTTOM OF THE 6TH |
|
Aberdeen Pheasants batting - Pitching for Duluth-Superior Dukes : RHP Timothy Bannister
|
|
Batting: LHB Robert McNair
|
0-0: Called Strike 0-1: Fly out, F9 (Flyball, 9, EV 90.6 MPH)
|
|
Batting: RHB Chris Bourjos
|
0-0: Fly out, F8 (Flyball, 8LS, EV 87.5 MPH)
|
|
Batting: RHB Richard Dziemiela
|
0-0: Called Strike 0-1: DOUBLE (Flyball, 89D, EV 97.5 MPH)
|
|
Batting: RHB Ross Jones
|
0-0: Foul Ball, location: 2F 0-1: Foul Ball, location: 2F 0-2: Strikes out swinging
|
| Bottom of the 6th over - 0 runs, 1 hit, 0 errors, 1 left on base; Duluth-Superior 3 - Aberdeen 2 |
| TOP OF THE 7TH |
|
Duluth-Superior Dukes batting - Pitching for Aberdeen Pheasants : RHP Daniel Morgan
|
|
Batting: RHB Jim Ayers
|
0-0: Foul Ball, location: 2F 0-1: Called Strike 0-2: Strikes out swinging
|
|
Batting: RHB William Hardy
|
0-0: Ball 1-0: Swinging Strike 1-1: Ball 2-1: Ground out 4-3 (Groundball, 4, EV 105.6 MPH)
|
|
Batting: RHB Frank Ferrell
|
0-0: Ball 1-0: Called Strike 1-1: Fly out, F8 (Flyball, 8RD, EV 105.6 MPH)
|
| Top of the 7th over - 0 runs, 0 hits, 0 errors, 0 left on base; Duluth-Superior 3 - Aberdeen 2 |
| BOTTOM OF THE 7TH |
|
Aberdeen Pheasants batting - Pitching for Duluth-Superior Dukes : RHP Timothy Bannister
|
|
Batting: RHB Mike R Fitzgerald
|
0-0: Called Strike 0-1: Ball 1-1: SINGLE (Groundball, 6MD, EV 97.5 MPH)
|
|
Batting: RHB Mike Foote
|
0-0: Bunted foul 0-1: Bunted foul 0-2: Ball 1-2: Fly out, F8 (Line Drive, 8LD, EV 94.4 MPH)
|
|
Pinch Hitting: LHB Gary Champagne
|
0-0: Foul Ball, location: 2F 0-1: Ball 1-1: Called Strike 1-2: Foul Ball, location: 2F 1-2: Strikes out swinging
|
|
Batting: SHB Stephen Moore
|
0-0: Ball 1-0: Foul Ball, location: 2F 1-1: Foul Ball, location: 2F 1-2: Ball 2-2: Foul Ball, location: 2F 2-2: SINGLE (Line Drive, 9S, EV 93.1 MPH) Mike R Fitzgerald to second Runner from 2nd tries for 3rd, SAFE, no throw by RF
|
|
Batting: RHB Jesse Plummer
|
0-0: Ball 1-0: Called Strike 1-1: Ball 2-1: Foul Ball, location: 2F 2-2: Fly out, F9 (Flyball, 9, EV 91.9 MPH)
|
| Bottom of the 7th over - 0 runs, 2 hits, 0 errors, 2 left on base; Duluth-Superior 3 - Aberdeen 2 |
| TOP OF THE 8TH |
|
Duluth-Superior Dukes batting - Pitching for Aberdeen Pheasants : RHP Daniel Morgan
|
|
Now at 2B: Paul Stevens
|
|
|
Batting: LHB George Evans
|
0-0: Called Strike 0-1: Foul Ball, location: 2F 0-2: Strikes out swinging
|
|
Batting: RHB Jeffery Carl
|
0-0: Ball 1-0: Ball 2-0: Foul Ball, location: 2F 2-1: Foul Ball, location: 2F 2-2: Fly out, F7 (Flyball, 78S, EV 74.4 MPH)
|
|
Batting: LHB Leonard Morin
|
0-0: Fly out, F7 (Flyball, 78M, EV 85.0 MPH)
|
| Top of the 8th over - 0 runs, 0 hits, 0 errors, 0 left on base; Duluth-Superior 3 - Aberdeen 2 |
| BOTTOM OF THE 8TH |
|
Aberdeen Pheasants batting - Pitching for Duluth-Superior Dukes : RHP Timothy Bannister
|
|
Batting: LHB Robert McNair
|
0-0: Ball 1-0: Ball 2-0: Ball 3-0: Called Strike 3-1: Base on Balls
|
|
Batting: RHB Chris Bourjos
|
0-0: Called Strike 0-1: Ball 1-1: Foul Ball, location: 2F 1-2: Grounds into double play, 4-6-3 (Groundball, 4, EV 105.6 MPH)
|
|
Batting: RHB Richard Dziemiela
|
0-0: Ball 1-0: Ground out 4-3 (Groundball, 34, EV 99.4 MPH)
|
| Bottom of the 8th over - 0 runs, 0 hits, 0 errors, 0 left on base; Duluth-Superior 3 - Aberdeen 2 |
| TOP OF THE 9TH |
|
Duluth-Superior Dukes batting - Pitching for Aberdeen Pheasants : RHP Daniel Morgan
|
|
Batting: RHB Elias Corona
|
0-0: Ball 1-0: Ball 2-0: SINGLE (Line Drive, 8RS, EV 90.0 MPH)
|
|
Batting: LHB Kevin Connolly
|
0-0: Sac Bunt to 2R - play at first, batter OUT! 2-4 Elias Corona to second
|
|
Batting: RHB Carlos Rios
|
0-0: Intentional Walk
|
|
Pinch Runner at 2nd Joseph O'Malley:
|
|
|
Batting: RHB Jim Ayers
|
0-0: Fly out, F8 (Flyball, 8LM, EV 79.4 MPH) Runner from 2nd tags up, SAFE at 3rd with throw by CF
|
|
Batting: RHB William Hardy
|
0-0: Ball 1-0: Called Strike 1-1: Ground out 6-3 (Groundball, 6MS, EV 92.5 MPH)
|
| Top of the 9th over - 0 runs, 1 hit, 0 errors, 2 left on base; Duluth-Superior 3 - Aberdeen 2 |
| BOTTOM OF THE 9TH |
|
Aberdeen Pheasants batting - Pitching for Duluth-Superior Dukes : RHP Timothy Bannister
|
|
Pitching: RHP Kent Johnson
|
|
|
Now at 1B: Gerald Dellinger
|
|
|
Pinch Hitting: LHB Charlie Warren
|
0-0: Ball 1-0: Ball 2-0: Ground out 6-3 (Groundball, 6, EV 81.3 MPH)
|
|
Pinch Hitting: LHB Sergio Leija
|
0-0: Called Strike 0-1: Foul Ball, location: 2F 0-2: Ball 1-2: Fly out, F4 (Popup, 4, EV 63.1 MPH)
|
|
Batting: RHB Mike Foote
|
0-0: Ball 1-0: SINGLE (Line Drive, 89S, EV 106.9 MPH)
|
|
Pinch Hitting: RHB Thomas Masterson
|
0-0: Foul Ball, location: 2F 0-1: Ball 1-1: Ball 2-1: Foul Ball, location: 2F 2-2: Ball 3-2: SINGLE (Groundball, 4D, EV 103.8 MPH) Mike Foote to second Mike Foote to third
|
|
Batting: SHB Stephen Moore
|
0-0: Called Strike 0-1: SINGLE (Groundball, 56D, EV 106.3 MPH) Mike Foote scores Thomas Masterson to second
|
|
Batting: RHB Jesse Plummer
|
0-0: Ball 1-0: Swinging Strike 1-1: Ball 2-1: Ball 3-1: Foul Ball, location: 2F 3-2: Base on Balls Thomas Masterson to third Stephen Moore to second
|
|
Batting: LHB Robert McNair
|
0-0: SINGLE (Line Drive, 7LS, EV 105.6 MPH) Thomas Masterson scores
|
| GAME OVER ... ABERDEEN DEFEATS DULUTH |
|
Superior, 4 to 3
|
|
 |
|
Friday, August 14th, 2020 - OOTP Baseball 21.5 Build 76
|
|